 Dungeon Crawl Stone Soup version 0.30.1-11-g7821555f0a (webtiles) character file.

Game seed: 15317566903458664534

6 Glitchless the Trooper (level 1, 0/14 HPs)
             Began as a Gargoyle Berserker on Dec 9, 2023.
             Was a Follower of Trog.
             Frozen to death by an endoplasm (3 damage)
             ... on level 1 of the Dungeon.
             The game lasted 00:00:22 (86 turns).

Glitchless the Trooper (Gargoyle Berserker)           Turns: 86, Time: 00:00:24

Health: 0/14       AC:  4    Str: 20    XL:     1   Next: 90%
Magic:  1/1        EV: 11    Int:  7    God:    Trog [*.....]
Gold:   23         SH:  0    Dex:  9    Spells: 0/0 levels left

rFire   . . .        a - +0 mace
rCold   . . .        (no shield)
rNeg    + . .        b - +0 animal skin
rPois   ∞            (no helmet)
rElec   +            (no cloak)
rCorr   .            (no gloves)
SInv    .            (no boots)
Will    .....        (no amulet)
Stlth   +            (no ring)
HPRegen 0.22/turn    (no ring)
MPRegen 0.07/turn

%: no passive effects
@: no status effects
A: sickness immunity, AC +2, negative energy resistance 1, electricity
resistance, torment resistance 1, petrification resistance
a: Renounce Religion, Berserk


You were on level 1 of the Dungeon.
You worshipped Trog.
Trog was aware of your devotion.
You visited 1 branch of the dungeon, and saw 1 of its levels.

You collected 23 gold pieces.

Inventory:

Hand Weapons
 a - a +0 mace (weapon)
Armour
 b - a +0 animal skin (worn)
Potions
 c - a potion of curing {unknown}


   Skills:
 + Level 3.6 Fighting
 + Level 3.1 Maces & Flails
 + Level 2.2 Armour
 + Level 1.6 Dodging


You couldn't memorise any spells.
You didn't know any spells.
Your spell library was empty.

Dungeon Overview and Level Annotations

Branches:
Dungeon (1/15)

Altars:


Innate Abilities, Weirdness & Mutations

You are immune to sickness and miasma.
Your stone body is resilient. (AC +2)
You are immune to poison.
You resist negative energy. (rN+)
You are resistant to electric shocks. (rElec)
You are resistant to unholy torment.
You are immune to petrification.


Message History

Trog accepts your kill.
No target in view!
A kobold comes into view. It is wielding a +0 club.
Found a fuming coppery potion and 15 gold pieces.
The kobold shouts!
A kobold is nearby!
A kobold is nearby!
A goblin and an endoplasm come into view.
The endoplasm quivers.
You barely miss the kobold. The kobold misses you.
The kobold closely misses you.
You barely miss the kobold. The kobold closely misses you.
You barely miss the kobold. The kobold hits you but does no damage.
You closely miss the kobold. The kobold hits you but does no damage.
The goblin closely misses you.
The endoplasm hits you but does no damage.
You hit the kobold.
The kobold is heavily wounded.
The kobold hits you but does no damage. The goblin barely misses you.
The endoplasm barely misses you. The kobold closely misses you.
The endoplasm freezes you.
You are frozen.
The goblin hits you with a +0 club.
You miss the kobold.
The kobold is heavily wounded.
The kobold misses you. The goblin hits you with a +0 club.
The endoplasm freezes you.
You are frozen.
* * * LOW HITPOINT WARNING * * *
You are too injured to fight recklessly!
You fail to use your ability.
The kobold barely misses you. The goblin hits you with a +0 club.
* * * LOW HITPOINT WARNING * * *
The endoplasm hits you but does no damage.
You hit the kobold.
You kill the kobold!
Trog accepts your kill. The goblin hits you but does no damage.
The endoplasm freezes you.
You are frozen.
You die...

#.. ..# #.# ##.########
#.# #.........#######
###.# #..##...........#
.##.# #..##...........#
.##.###..#............##
.'..†......†(.........!.
.##.###..#.#.#.#.J..$...
.##.#....#.#...#@g......
.##.#.#.##.#.###).......
.##.#......#.# #........
.##.#...#..#.. +........
......###.)### #........
..#.... .... +........
..# ... #........ ..# .
###+##### ..#


You could see an endoplasm and a goblin.

Vanquished Creatures
  2 kobolds (D:1)
  A quokka (D:1)
  A bat (D:1)
  4 rats (D:1)
8 creatures vanquished.

Notes
Turn   | Place    | Note
-------+----------+-------------------------------------------
     0 | D:1      | Glitchless the Gargoyle Berserker began the quest for the
                  | Orb.
     0 | D:1      | Reached XP level 1. HP: 14/14 MP: 1/1
    86 | D:1      | Frozen to death by an endoplasm

Illustrated notes

Levels and vault maps discovered:
D:1:      tekkud_arrival_beachfront_property, layout_basic

Action                     || total
---------------------------++-------
  Melee: Mace              ||    22
   Stab: Sleeping          ||     1
 Armour: Animal skin       ||    17
  Dodge: Dodged            ||    26
